 Dungeon Crawl Stone Soup version 0.25-a0-860-gf695395b5c (webtiles) character file.

Game seed: 1416397925065559685, levelgen mode: deterministic

6 vinniec the Grave Robber (level 1, -5/9 HPs)
             Began as a Vine Stalker Necromancer on Apr 26, 2020.
             Slain by a goblin
             ... wielding a +0 club
              (6 damage)
             ... on level 1 of the Dungeon.
             The game lasted 00:09:45 (290 turns).

vinniec the Grave Robber (Vine Stalker Necromancer)  Turns: 290, Time: 00:09:46

Health: -5/9       AC:  2    Str: 10    XL:     1   Next: 90%
Magic:  0/4        EV: 12    Int: 15    God:
Gold:   15         SH:  0    Dex: 14    Spells: 3/4 levels left

rFire    . . .     SeeInvis .   (no weapon)
rCold    . . .     Gourm    .   (no shield)
rNeg     . . .     Faith    .   a - +0 robe
rPois    .         Spirit   +   (no helmet)
rElec    .         Reflect  .   (no cloak)
rCorr    .         Harm     .   (no gloves)
MR       .....                  (no boots)
Stlth    ++........             (no amulet)
HPRegen  0.03/turn              (no ring)
MPRegen  0.09/turn              (no ring)

@: stab
A: fangs 2, magic shield, antimagic bite, no potion heal 3, rot immunity
a: no special abilities


You were on level 1 of the Dungeon.
You were not hungry.

You visited 1 branch of the dungeon, and saw 1 of its levels.

You collected 15 gold pieces.

Inventory:

Hand Weapons
 d - a +0 dagger
 e - a +0 short sword
Armour
 a - a +0 robe (worn)
Comestibles
 b - 2 chunks of flesh
 c - a ration


   Skills:
 * Level 0.4 Throwing
 * Level 1.6 Dodging
 * Level 2.7 Stealth
 + Level 2.2 Spellcasting
 + Level 4.1 Necromancy


You had 3 spell levels left.
You knew the following spells:

 Your Spells              Type           Power        Failure   Level  Hunger
a - Pain                  Necr           ##..         4%          1    #......

Your spell library contained the following spells:

 Spells                   Type           Power        Failure   Level  Hunger
 Animate Skeleton         Necr           N/A          4%          1    #......
 Vampiric Draining        Necr           ##........   12%         3    ###....
 Animate Dead             Necr           N/A          38%         4    #####..
 Agony                    Necr           ##......     75%         5    ######.


Dungeon Overview and Level Annotations

Branches:
Dungeon (1/15)

Altars:


Innate Abilities, Weirdness & Mutations

You have extremely sharp teeth.
When hurt, damage is shared between your health and your magic reserves.
Your bite disrupts and absorbs the magic of your enemies.
Potions cannot restore your health.
You are immune to rotting.


Message History

The bat closely misses you. The bat barely misses you.
You see here a red potion.
f - a red potion The bat hits you.
The bat hits you but does no damage. x2
Drop what? 6/52 slots (_ for help) (? for menu, Esc to quit)
You drop a red potion.
The bat barely misses you.
f - a red potion The bat barely misses you.
The goblin hits you but does no damage. The bat misses you.
Drop what? 6/52 slots (_ for help) (? for menu, Esc to quit)
Okay, then.
It was a potion of stabbing.
You feel ready to backstab. The bat hits you.
The bat hits you but does no damage. The goblin hits you with a +0 club.
You closely miss the goblin. You bite the goblin, but do no damage.
The bat barely misses you. The goblin hits you with a +0 club.
Ouch! That really hurt!
You die...

##.# #........ #.#
#.#####.. #.# #.#
#.###.# #####
######..##.# .....
............#
###############....#
........#......bg..#
........#.###.##@..#
....⌠...# #......#
.......## #####..#
..###### ..# .## #>.
## ###


You could see a goblin and a bat.

Vanquished Creatures
  3 bats (D:1)
  A giant cockroach (D:1)
  A goblin (D:1)
5 creatures vanquished.

Notes
Turn   | Place    | Note
-------+----------+-------------------------------------------
     0 | D:1      | vinniec the Vine Stalker Necromancer began the quest for
                  | the Orb.
     0 | D:1      | Reached XP level 1. HP: 9/9 MP: 4/4
   290 | D:1      | Slain by a goblin

Levels and vault maps discovered:
D:1:      giann_wishing_wells, layout_basic, minmay_three_crescents

Action                   || total
-------------------------++-------
Melee: Unarmed           ||     9
       Bite              ||     3
 Cast: Pain              ||    10
  Use: Potion            ||     1
Armor: Robe              ||    15
Dodge: Dodged            ||    31

Table legend:
 A = Non-vault XP
 B = Vault XP
 C = Vault XP percentage of total XP
 D = Non-vault monster count
 E = Vault monster count
 F = Vault count percentage of total count
                 A         B        C        D         E       F
            +---------+---------+-------+---------+---------+-------
      Total |       9 |       0 |   0.0 |       5 |       0 |   0.0
            +---------+---------+-------+---------+---------+-------
        D:1 |       9 |       0 |   0.0 |       5 |       0 |   0.0
            +---------+---------+-------+---------+---------+-------
